 Dungeon Crawl Stone Soup version 0.31-a0-216-g22e908daa7 (webtiles) character file.

Game seed: 10219818507583004121

316 qw the Shooter (level 6, 0/36 HPs)
             Began as a Gargoyle Hexslinger on July 2, 2023.
             Killed from afar by an orc wizard (9 damage)
             ... with a magic dart
             ... on level 3 of the Dungeon.
             The game lasted 00:00:53 (1348 turns).

qw the Shooter (Gargoyle Hexslinger)                Turns: 1348, Time: 00:00:53

Health: 0/36       AC:  9    Str: 12    XL:     6   Next: 44%
Magic:  7/7        EV: 12    Int: 13    God:
Gold:   69         SH:  0    Dex: 14    Spells: 6/7 levels left

rFire   + . .        Y - +1 sling
rCold   . . .        (no shield)
rNeg    + . .        f - +2 robe {rF+}
rPois   inf          (no helmet)
rElec   +            (no cloak)
rCorr   .            k - +0 pair of gloves
SInv    .            (no boots)
Will    .....        h - amulet of the acrobat
Stlth   +            (no ring)
HPRegen 0.26/turn    (no ring)
MPRegen 0.10/turn

%: acrobat
@: no status effects
A: sickness immunity, AC +4, negative energy resistance 1, electricity
resistance, torment resistance 1, petrification resistance
a: no special abilities


You were on level 3 of the Dungeon.
You visited 1 branch of the dungeon, and saw 3 of its levels.

You collected 69 gold pieces.


Innate Abilities, Weirdness & Mutations

You are immune to sickness and miasma.
Your stone body is resilient. (AC +4)
You are immune to poison.
You resist negative energy. (rN+)
You are resistant to electric shocks. (rElec)
You are resistant to unholy torment.
You are immune to petrification.


   Skills:
 + Level 2.5 Fighting
 - Level 6.1 Ranged Weapons
 - Level 1.0 Armour
 - Level 1.5 Dodging
 - Level 1.0 Spellcasting
 - Level 2.6 Hexes


You had 6 spell levels left.
You knew the following spells:

 Your Spells              Type           Power      Damage    Failure   Level
a - Slow                  Hex            28%        N/A       10%         1

Your spell library contained the following spells:

 Spells                   Type           Power      Damage    Failure   Level
 Inner Flame              Hex/Fire       4%         N/A       43%         3
 Portal Projectile        Hex/Tloc       8%         N/A       43%         3
 Cause Fear               Hex            3%         N/A       67%         4

Inventory:

Hand Weapons
 Y - a +1 sling (weapon)
Armour
 f - a +2 robe of fire resistance (worn)
 k - a +0 pair of gloves (worn)
Jewellery
 h - an amulet of the acrobat (around neck)
Scrolls
 a - 2 scrolls of identify
 b - a scroll of teleportation
Potions
 d - 2 potions of heal wounds

Dungeon Overview and Level Annotations

Branches:
Dungeon (3/15)

Altars:


Message History

You shoot a sling bullet. Something hits you.
You shoot a sling bullet. Something barely misses you.
You shoot a sling bullet. Something hits you.
You shoot a sling bullet. Something hits you.
You shoot a sling bullet. Something hits you. x2
You shoot a sling bullet. Something hits you.
You shoot a sling bullet.
You feel less confused. Something hits you.
You shoot a sling bullet. Something hits you.
You shoot a sling bullet. Something hits you but does no damage.
You shoot a sling bullet.
You hear some strange, mumbled words.
A magic dart appears from out of thin air!
The magic dart hits you but does no damage.
You shoot a sling bullet.
You hear some strange, mumbled words.
A puff of flame appears from out of thin air!
The puff of flame hits you but does no damage.
You shoot a sling bullet.
You hear some strange, mumbled words.
A puff of flame appears from out of thin air!
The puff of flame hits you but does no damage.
You shoot a sling bullet. Something hits you.
You shoot a sling bullet. Something hits you but does no damage.
You shoot a sling bullet.
You hear some strange, mumbled words.
A magic dart appears from out of thin air!
The magic dart hits you!
You die...

. #. .## .. ..# #o #
#.# #). .# #.# #.. ..#
#.# #.[# #..# ######.#
#...#####...# #.......
#..%{@.)....# #.####.#
##.......#.####.####.#
##....#.............#
##.#.########.######
#.#.# ####.# ###.#
#....# #.# #.####
#.#####.# #.......#


There were no monsters in sight!

Vanquished Creatures
  Sigmund (D:2)
  A scorpion (D:2)
  An orc wizard (D:3)
  3 adders (D:2)
  2 worms
  2 orcs (D:3)
  4 ball pythons
  2 endoplasms (D:2)
  2 giant cockroaches (D:2)
  3 goblins (D:1)
  5 hobgoblins
  2 jackals (D:1)
  5 kobolds
  3 quokkas
  2 bats
  2 frilled lizards
  3 rats
43 creatures vanquished.

Notes
Turn   | Place    | Note
-------+----------+-------------------------------------------
     0 | D:1      | qw the Gargoyle Hexslinger began the quest for the Orb.
     0 | D:1      | Reached XP level 1. HP: 12/12 MP: 2/2
     0 | D:1      | 0 ||| qw: Version: 0.3-a-40-ge99b1a8
     0 | D:1      | 0 ||| qw: Game counter: 7950
     0 | D:1      | 0 ||| qw: Melee chars always use a shield: true
     0 | D:1      | 0 ||| qw: God list: Okawaru
     0 | D:1      | 0 ||| qw: Allow faded altars: false
     0 | D:1      | 0 ||| qw: Do Orc after clearing Dungeon:15 true
     0 | D:1      | 0 ||| qw: Do second Lair branch before Depths: true
     0 | D:1      | 0 ||| qw: Lair rune preference: random
     0 | D:1      | 0 ||| qw: Goals: Normal
     0 | D:1      | 0 ||| PLANNING D:1-11
    77 | D:1      | Reached XP level 2. HP: 16/16 MP: 3/3
   172 | D:1      | Reached skill level 3 in Ranged Weapons
   422 | D:1      | 422 ||| UPGRADING to +0 ring mail.
   432 | D:1      | 432 ||| DROPPING +0 robe.
   433 | D:1      | 433 ||| UPGRADING to +0 pair of gloves.
   438 | D:1      | 438 ||| UPGRADING to amulet of the acrobat.
   443 | D:1      | 443 ||| READING 2 scrolls labelled ATIUCLOMIS.
   444 | D:1      | 444 ||| READING scroll labelled ARCHOX HEODDEHAU.
   448 | D:1      | 448 ||| READING scroll labelled RUSTRO MUULLI.
   449 | D:1      | 449 ||| READING scroll labelled HAPTUX ADUAWYU.
   450 | D:1      | 450 ||| DRINKING 2 purple potions.
   451 | D:1      | 451 ||| DROPPING scroll of poison.
   464 | D:2      | 464 ||| STAIRDANCE
   470 | D:1      | Reached XP level 3. HP: 17/21 MP: 4/4
   505 | D:2      | Reached skill level 1 in Armour
   754 | D:2      | Reached XP level 4. HP: 26/26 MP: 5/5
   758 | D:2      | Noticed a scorpion
   766 | D:2      | Killed a scorpion
   767 | D:2      | Reached skill level 4 in Ranged Weapons
   827 | D:2      | Reached XP level 5. HP: 30/30 MP: 6/6
  1064 | D:2      | Noticed Sigmund
  1102 | D:2      | Killed Sigmund
  1103 | D:2      | Reached skill level 6 in Ranged Weapons
  1103 | D:2      | Reached XP level 6. HP: 32/35 MP: 7/7
  1201 | D:2      | 1201 ||| UPGRADING to +2 robe of fire resistance.
  1211 | D:2      | 1211 ||| DROPPING +0 ring mail.
  1212 | D:2      | 1212 ||| READING 2 scrolls labelled NIZAUTRUFRI.
  1213 | D:2      | 1213 ||| READING scroll labelled AJI SUACSAST.
  1214 | D:2      | 1214 ||| DROPPING scroll of noise.
  1306 | D:3      | 1306 ||| Stepping ~*~*~tactically~*~*~ (outnumbered).
  1308 | D:3      | 1308 ||| Stepping ~*~*~tactically~*~*~ (outnumbered).
  1346 | D:3      | HP: 8/36 [something (4)]
  1348 | D:3      | Killed from afar by an orc wizard

Levels and vault maps discovered:
D:1:      dpeg_arrival_solitude, layout_rooms
D:2:      layout_basic, uniq_sigmund
D:3:      layout_basic, kennysheep_ying_yang, chequers_ecumenical_altar_simple,
          ebering_ghost_reflecting_pool, chequers_mini_garden,
          kennysheep_jessica_study, uniq_crazy_yiuf_cottage

Skill      XL: |  1  2  3  4  5 |
---------------+----------------+-----
Ranged Weapons | 3 4 6 |  6.1
Fighting       | 2 |  2.5
Armour         | 1 |  1.0
Dodging        | |  1.5
Spellcasting   | |  1.0
Hexes          | |  2.6

Action                     |  1- 3 |  4- 6 || total
---------------------------+-------+-------++-------
   Fire: Sling             |   124 |    93 ||   217
    Use: Scroll            |     4 |     2 ||     6
         Potion            |     1 |       ||     1
 Armour: Robe              |    13 |    16 ||    29
         Ring mail         |    20 |    11 ||    31
  Dodge: Dodged            |    55 |    27 ||    82

Table legend:
 A = Non-vault XP
 B = Vault XP
 C = Vault XP percentage of total XP
 D = Non-vault monster count
 E = Vault monster count
 F = Vault count percentage of total count
                 A         B        C        D         E       F
            +---------+---------+-------+---------+---------+-------
      Total |     221 |     231 |  51.1 |      42 |       1 |   2.3
            +---------+---------+-------+---------+---------+-------
        D:1 |      37 |       0 |   0.0 |      20 |       0 |   0.0
        D:2 |     142 |     231 |  61.9 |      17 |       1 |   5.6
        D:3 |      42 |       0 |   0.0 |       5 |       0 |   0.0
            +---------+---------+-------+---------+---------+-------
